 Dungeon Crawl Stone Soup version 0.20-a0-1017-gc3250ce (webtiles) character file.

1055 Monsterracer the Cleaver (level 8, -3/69 HPs)
             Began as a Deep Dwarf Fighter on Apr 17, 2017.
             Slain by an orc warrior
             ... wielding a +0 halberd
              (5 damage)
             ... on level 5 of the Dungeon.
             The game lasted 00:14:36 (3695 turns).

Monsterracer the Cleaver (Deep Dwarf Fighter)       Turns: 3695, Time: 00:14:37

Health: -3/69      AC:  7    Str: 20    XL:     8   Next: 5%
Magic:  0/7        EV: 13    Int:  9    God:
Gold:   178        SH:  0    Dex: 14    Spells: 4/7 levels left

rFire    + . .     SeeInvis .   m - +1 battleaxe
rCold    + . .     Gourm    .   (shield currently unavailable)
rNeg     . . .     Faith    .   o - +2 leather armour {rF+}
rPois    .         Spirit   .   (no helmet)
rElec    .         Reflect  .   (no cloak)
rCorr    .         Harm     .   c - +1 pair of gloves
MR       +....                  (no boots)
Stlth    +.........             e - amulet of magic regeneration
Regen    0.0/turn               n - ring of protection from cold
MPRegen  0.2/turn               (no ring)

@: very slightly contaminated, non-regenerating
A: damage resistance, heal wounds, claws 1, talons 1, sense surroundings 1, no
regeneration
a: Heal Wounds


You were on level 5 of the Dungeon.
You were not hungry.

You visited 1 branch of the dungeon, and saw 5 of its levels.

You collected 178 gold pieces.

Inventory:

Hand Weapons
 m - a +1 battleaxe (weapon)
Armour
 c - a +1 pair of gloves (worn)
 o - a +2 leather armour of fire resistance (worn)
 q - a +1 plate armour
Jewellery
 e - an amulet of magic regeneration (around neck)
 n - a ring of protection from cold (left hand)
Wands
 a - a wand of iceblast (8/15)
 p - a wand of enslavement (11/24)
Scrolls
 b - 3 scrolls of amnesia
 d - a scroll of remove curse
 i - 4 scrolls of identify
 j - 2 scrolls of immolation
 s - a scroll of teleportation
Potions
 l - a potion of mutation
 r - a potion of curing
Books
 h - a book of Minor Magic

   Spells                             Type                      Level
   a - Magic Dart                     Conjuration                  1
   b - Blink                          Translocation                2
   c - Call Imp                       Summoning                    2
   d - Slow                           Hexes                        2
   e - Conjure Flame                  Conjuration/Fire             3
   f - Mephitic Cloud                 Conjuration/Poison/Air       3
Comestibles
 f - 2 bread rations
 g - 2 royal jellies
 k - 8 fruits
 t - 5 chunks of flesh


   Skills:
 + Level 3.3 Fighting
 * Level 9.0 Axes
 - Level 4.0 Armour
 + Level 3.1 Dodging
   Level 3.2 Shields
 + Level 1.1 Conjurations
 + Level 1.4 Translocations


You had 4 spell levels left.
You knew the following spells:

 Your Spells              Type           Power        Failure   Level  Hunger
a - Magic Dart            Conj           #...         30%         1    ##.....
b - Blink                 Tloc           N/A          47%         2    ###....


Dungeon Overview and Level Annotations

Branches:
Dungeon (5/15)
 Temple: D:4-7

Altars:
Cheibriados
Fedhas
Gozag


Innate Abilities, Weirdness & Mutations

You are resistant to damage.
You can heal yourself by infusing magical energy.
You passively map a small area around you.
You do not regenerate.
You have sharp fingernails.
You have sharp toenails.


Message History

The orc warrior is heavily wounded.
The orc warrior hits you but does no damage.
You hit the orc warrior. Your kick misses the orc warrior.
The orc warrior is severely wounded.
The orc warrior hits you with a halberd!!
* * * LOW HITPOINT WARNING * * *
You barely miss the orc warrior.
You claw the orc warrior, but do no damage.
The orc warrior is severely wounded.
The orc warrior hits you with a halberd!!
* * * LOW HITPOINT WARNING * * *
Casting: Magic Dart
Confirm with . or Enter, or press ? or * to list all spells.
Aiming: Magic Dart
Press: ? - help, Shift-Dir - straight line, f/p - leopard gecko zombie
Aim: a leopard gecko zombie The magic dart hits the orc warrior.
The orc warrior is severely wounded.
The orc warrior hits you with a halberd!
You die...

######.### #.#######.# ##
.., * #.# #.# #.# # ... #.#
#.#######.#### .... #.#
###.......#.#...
....###.####
#......##.#.#.##
...........# #......#
,#.#... ###........#
#..)...# ,#.####
#........###......##,#...#
###.......Zo@'.........###.#
#........[Z###........## #.#
#.#........# #......#8# #.#
#..........#
#......#.####.##
#..###.....# #......#
##..... #.. ##.....#
#.###### #.#.## #. *#.##...#
#.#* #. #.#.##
,#.....#..##.. #.##.#.##
..#Scc##..# , ##8.......


You could see an orc warrior, a leopard gecko zombie and a centaur skeleton.

Vanquished Creatures
  The ghost of Voxish the Slasher, an amateur GnSk of Sif Muna (D:4)
  A phantom (D:5)
  2 ogres (D:4)
  2 centaurs (D:5)
  A howler monkey (D:4)
  2 crimson imps
  A hound (D:4)
  3 orc wizards
  3 gnolls (D:2)
  7 adders
  4 worms
  3 dart slugs
  4 leopard geckos
  17 orcs
  9 giant cockroaches
  5 goblins
  12 hobgoblins
  11 kobolds
  3 quokkas
  A ball python (D:5)
  7 bats
  6 frilled lizards
  A jackal skeleton (D:5)
  5 rats
111 creatures vanquished.

Notes
Turn   | Place    | Note
-------+----------+-------------------------------------------
     0 | D:1      | Monsterracer the Deep Dwarf Fighter began the quest for the Orb.
     0 | D:1      | Reached XP level 1. HP: 20/20 MP: 1/1
   131 | D:1      | Found a snail-covered altar of Cheibriados.
   241 | D:1      | Reached XP level 2. HP: 27/27 MP: 2/2
   416 | D:1      | Reached skill level 3 in Axes
   541 | D:1      | Reached XP level 3. HP: 34/34 MP: 3/3
   951 | D:2      | Reached XP level 4. HP: 29/42 MP: 4/4
  1121 | D:2      | Gained mutation: You have sharp fingernails. [potion of mutation]
  1121 | D:2      | Gained mutation: You have sharp toenails. [potion of mutation]
  1267 | D:2      | Reached skill level 4 in Axes
  1695 | D:3      | Reached skill level 5 in Axes
  1695 | D:3      | Reached XP level 5. HP: 24/49 MP: 5/5
  2012 | D:3      | Found a blossoming altar of Fedhas.
  2400 | D:4      | Noticed an ogre
  2423 | D:4      | Reached skill level 6 in Axes
  2429 | D:4      | Killed an ogre
  2429 | D:4      | Reached XP level 6. HP: 22/56 MP: 6/6
  2636 | D:4      | Reached skill level 7 in Axes
  2843 | D:4      | Noticed Voxish's ghost (amateur GnSk)
  2854 | D:4      | Killed Voxish's ghost
  2854 | D:4      | Reached skill level 8 in Axes
  2854 | D:4      | Reached XP level 7. HP: 38/62 MP: 7/7
  3134 | D:5      | Entered Level 5 of the Dungeon
  3212 | D:5      | Got a faintly humming leather armour
  3223 | D:5      | Identified the cursed +0 leather armour "Qeetz" {+Blink} (You found it on level 5 of the Dungeon)
  3278 | D:5      | Found an opulent altar of Gozag.
  3396 | D:5      | Learned a level 1 spell: Magic Dart
  3399 | D:5      | Learned a level 2 spell: Blink
  3588 | D:5      | Reached skill level 1 in Translocations
  3680 | D:5      | Reached skill level 9 in Axes
  3680 | D:5      | Reached skill level 1 in Conjurations
  3680 | D:5      | Reached XP level 8. HP: 51/69 MP: 0/7
  3694 | D:5      | HP: 2/69 [orc warrior/halberd (16)]
  3695 | D:5      | Slain by an orc warrior

Vault maps used:
D:1:      eino_arrival_tree_alley, minmay_misc_feat_iff, cheibriados_altar_1
D:3:      fedhas_altar_1
D:5:      minmay_temple_entry_trees, serial_shops, shop_statue, first_bread,
          minmay_ruined_shrine

Skill      XL: |  1  2  3  4  5  6  7 |
---------------+----------------------+-----
Fighting       | 3 |  3.3
Axes           | 3 5 6 8 9 |  9.0
Armour         | 4 |  4.0
Dodging        | 2 3 |  3.1
Translocations | 1 |  1.4
Conjurations   | 1 |  1.1
Shields        | |  3.2

Action                   |  1- 3 |  4- 6 |  7- 9 || total
-------------------------+-------+-------+-------++-------
Melee: War axe           |    88 |   238 |       ||   326
       Kick              |       |    64 |    15 ||    79
       Battleaxe         |       |    20 |    64 ||    84
 Cast: Magic Dart        |       |       |    19 ||    19
 Abil: Heal Wounds       |       |     3 |     4 ||     7
  Use: Potion            |     1 |     9 |       ||    10
       Scroll            |       |     8 |     4 ||    12
  Eat: Chunk             |       |     7 |     4 ||    11
Armor: Scale mail        |    23 |       |       ||    23
       Chain mail        |    26 |     8 |       ||    34
       Plate armour      |       |   129 |       ||   129
       Leather armour    |       |     8 |    14 ||    22
Dodge: Dodged            |    22 |    52 |    37 ||   111
Block: Shield            |    42 |   111 |       ||   153
